 Dungeon Crawl Stone Soup version 0.18-a0-1206-g2bec475 (webtiles) character file.

209 Reinor the Magician (level 5, -5/28 HPs)
             Began as a Deep Elf Wizard on Feb 2, 2016.
             Killed from afar by an orc wizard (9 damage)
             ... with a puff of flame
             ... on level 4 of the Dungeon.
             The game lasted 00:14:32 (3882 turns).

Reinor the Magician (Deep Elf Wizard)               Turns: 3882, Time: 00:14:32

Health: -5/28      AC:  3    Str:  4    XL:     5   Next: 55%
Magic:  1/15       EV: 12    Int: 24    God:
Gold:   175        SH:  0    Dex: 13    Spells: 6 memorised, 3 levels left

rFire  . . .     SeeInvis .     (no weapon)
rCold  . . .     Gourm    .     a - +0 robe
rNeg   . . .     Faith    .     (no shield)
rPois  .         Spirit   .     b - +0 hat
rElec  .         Dismiss  .     o - +0 cloak
rCorr  .         Reflect  .     (no gloves)
SustAt .         Harm     .     (no boots)
MR     .....                    (no amulet)
Stlth  ++........               (no ring)
                                (no ring)

@: not resistant to hostile enchantments, unstealthy
A: no striking features
a: no special abilities


You were on level 4 of the Dungeon.
You were not hungry.

You visited 1 branch of the dungeon, and saw 4 of its levels.

You collected 175 gold pieces.

Inventory:

Armour
 a - a +0 robe (worn)
 b - a +0 hat (worn)
 o - a +0 cloak (worn)
Scrolls
 e - 5 scrolls of remove curse
 f - a scroll of blinking {unknown}
 g - a scroll of immolation {unknown}
 m - a scroll of teleportation {unknown}
 n - 2 scrolls of fog
 t - a scroll of magic mapping {unknown}
 v - a scroll of amnesia {unknown}
Potions
 j - 2 potions of agility
 k - a potion of lignification
 l - 2 potions of cancellation
 p - 3 potions of heal wounds
 q - 2 potions of invisibility
Books
 c - a book of Minor Magic

   Spells                             Type                      Level
   a - Magic Dart                     Conjuration                  1
   b - Blink                          Translocation                2
   c - Call Imp                       Summoning                    2
   d - Repel Missiles                 Charms/Air                   2
   e - Slow                           Hexes                        2
   f - Conjure Flame                  Conjuration/Fire             3
   g - Mephitic Cloud                 Conjuration/Poison/Air       3
 s - a book of the Earth

   Spells                             Type                      Level
   a - Leda's Liquefaction            Hexes/Earth                  4
   b - Bolt of Magma                  Conjuration/Fire/Earth       5
   c - Statue Form                    Transmutation/Earth          6
   d - Iron Shot                      Conjuration/Earth            6
   e - Shatter                        Earth                        9
Comestibles
 d - 3 bread rations
 h - a royal jelly
 i - a beef jerky
 r - a chunk of flesh


   Skills:
 - Level 2.4 Dodging
 - Level 2.4 Stealth
 - Level 6.0 Spellcasting
 + Level 4.2 Conjurations
 - Level 1.1 Summonings
 + Level 2.7 Translocations


You had 3 spell levels left.
You knew the following spells:

 Your Spells              Type           Power        Failure   Level  Hunger
a - Magic Dart            Conj           ####         1%          1    None
b - Blink                 Tloc           N/A          4%          2    None
c - Call Imp              Summ           ##......     10%         2    None
d - Repel Missiles        Chrm/Air       #.....       12%         2    None
e - Mephitic Cloud        Conj/Pois/Air  ##......     17%         3    #......
f - Conjure Flame         Conj/Fire      ###.....     12%         3    #......


Dungeon Overview and Level Annotations

Branches:
Dungeon (4/15)
 Temple: D:4-7

Altars:
Okawaru


Message History

The magic dart hits the orc wizard.
The orc wizard is lightly wounded.
Press: ? - help, v - describe, . - travel
Here: an orc, wielding a trident of venom The floor.
The orc wizard mumbles some strange words.
The orc wizard seems to speed up.
The orc wizard points at you and mumbles some strange words.
The puff of flame hits you!
The orc wizard gestures at you while chanting.
The puff of frost hits you!
* * * LOW HITPOINT WARNING * * *
Casting: Magic Dart
Confirm with . or Enter, or press ? or * to list all spells.
Okay, then.
The orc wizard hits you with a dagger.
* * * LOW HITPOINT WARNING * * *
The orc wizard points at you and mumbles some strange words.
The puff of flame hits you!
You die...

####
###########....
#...........#
###.###.o.....#
#..(....##.##.#
#.#.######.#
##...o#####.#
#..........†#
#....@#####.#
#..#..# #)#
#..##.# #.#
########..##.##
..#
#......÷........
..#
#.######...#.###
... #.# #...#.#
##.# ....#.#
#..# ...##.#


You could see an orc wizard.

Vanquished Creatures
  An orc priest (D:3)
  An orc wizard (D:4)
  A gnoll (D:1)
  5 adders
  An ooze (D:3)
  A worm (D:3)
  19 orcs
  A ball python (D:1)
  3 giant cockroaches
  10 hobgoblins
  4 jackals
  A quokka (D:3)
  5 bats
  3 giant newts
  3 goblins
  7 kobolds
  10 rats
76 creatures vanquished.

Notes
Turn   | Place    | Note
--------------------------------------------------------------
     0 | D:1      | Reinor the Deep Elf Wizard began the quest for the Orb.
     0 | D:1      | Reached XP level 1. HP: 10/10 MP: 7/7
    29 | D:1      | Reached XP level 2. HP: 4/15 MP: 0/9
   328 | D:1      | Reached skill level 5 in Spellcasting
   938 | D:1      | Reached XP level 3. HP: 19/19 MP: 5/11
  1128 | D:2      | Learned a level 2 spell: Blink
  1131 | D:2      | Learned a level 2 spell: Call Imp
  1134 | D:2      | Learned a level 2 spell: Repel Missiles
  1138 | D:2      | Learned a level 3 spell: Mephitic Cloud
  1142 | D:2      | Learned a level 3 spell: Conjure Flame
  1941 | D:3      | Reached skill level 6 in Spellcasting
  1941 | D:3      | Reached XP level 4. HP: 24/24 MP: 8/14
  3158 | D:3      | Reached XP level 5. HP: 17/28 MP: 0/15
  3524 | D:4      | Found an iron altar of Okawaru.
  3882 | D:4      | Killed from afar by an orc wizard

Vault maps used:
D:1:      sevenhm_arrival_forest_fort_small_6, kennysheep_crisscross
D:2:      grunt_ministairs_6
D:3:      st_stairs_9, kennysheep_generic_room_13
D:4:      kennysheep_mini_moat, tgw_sif, lemuel_round_altar, serial_shops,
          shop_fountains

Action                   |  1- 3 |  4- 6 || total
-------------------------+-------+-------++-------
Melee: Unarmed           |     4 |    17 ||    21
 Cast: Magic Dart        |    82 |   136 ||   218
       Mephitic Cloud    |       |     3 ||     3
       Blink             |       |     2 ||     2
       Conjure Flame     |       |     1 ||     1
       Repel Missiles    |       |     1 ||     1
  Use: Scroll            |     5 |     2 ||     7
  Eat: Chunk             |     3 |     6 ||     9
